 Dungeon Crawl Stone Soup version 0.28.0-53-g5a82cb258f (webtiles) character file.

Game seed: 18301255731017214419

666 Stomo the Covered (level 7, -16/63 HPs)
             Began as a Minotaur Fighter on July 17, 2022.
             Demolished by an ogre
             ... wielding a +0 giant club
              (30 damage)
             ... on level 3 of the Dungeon.
             The game lasted 00:03:41 (4214 turns).

Stomo the Covered (Minotaur Fighter)                Turns: 4214, Time: 00:03:41

Health: -16/63     AC:  8    Str: 23    XL:     7   Next: 31%
Magic:  6/6        EV: 10    Int:  5    God:
Gold:   161        SH:  4    Dex:  9    Spells: 6/6 levels left

rFire   . . .      SeeInvis .   a - +0 flail
rCold   . . .      Faith    .   c - +0 buckler
rNeg    . . .      Spirit   .   b - +0 scale mail
rPois   .          Reflect  .   (helmet restricted)
rElec   .          Harm     .   k - +0 cloak
rCorr   .          Rampage  .   (no gloves)
Will    .....                   (no boots)
Stlth   ..........              (no amulet)
HPRegen 0.20/turn               (no ring)
MPRegen 0.10/turn               (no ring)

@: no status effects
A: horns 2, retaliatory headbutt
a: no special abilities


You were on level 3 of the Dungeon.
You visited 1 branch of the dungeon, and saw 4 of its levels.

You collected 161 gold pieces.

Inventory:

Hand Weapons
 a - a +0 flail (weapon)
Armour
 b - a +0 scale mail (worn)
 c - a +0 buckler (worn)
 k - a +0 cloak (worn)
Jewellery
 p - a ring of magical power
Wands
 m - a wand of flame (22)
Scrolls
 e - 2 scrolls of fear {unknown}
 f - a scroll of amnesia {unknown}
 g - 4 scrolls of identify {unknown}
 h - a scroll of brand weapon {unknown}
 i - 2 scrolls of teleportation {unknown}
 j - a scroll of summoning {unknown}
 l - a scroll of fog {unknown}
Potions
 d - 3 potions of might
 n - a potion of haste
 o - a potion of berserk rage {unknown}


   Skills:
 + Level 6.0 Fighting
 + Level 5.3 Maces & Flails
 + Level 6.0 Armour
 + Level 4.0 Dodging
 - Level 3.7 Shields


You had 6 spell levels left.
You didn't know any spells.
Your spell library contained the following spells:

 Spells                   Type           Power      Damage    Failure   Level
 Sandblast                Erth           0%         2d4       86%         1
 Passwall                 Tmut/Erth      0%         N/A       94%         2
 Stone Arrow              Conj/Erth      0%         3d7       99%         3


Dungeon Overview and Level Annotations

Branches:
Dungeon (4/15)
 Temple: D:4-7

Altars:
Fedhas

Shops:
D:4 ?

Annotations:
D:3 Pikel


Innate Abilities, Weirdness & Mutations

You have a pair of horns on your head.
You reflexively headbutt those who attack you in melee.


Message History

There is an open door here.
The lemure hits you. The lemure hits you.
An ogre comes into view. It is wielding a +0 giant club.
Pikel appears from thin air!
Reactivating autopickup.
There is a stone staircase leading up here.
You climb upwards.
There is a stone staircase leading down here.
You start resting.
HP restored.
You climb downwards.
Level annotation: Pikel The lemure hits you!
Pikel hits you with a +1 whip of freezing!
Pikel freezes you. The ogre closely misses you. You furiously retaliate!
You headbutt the ogre! The lemure hits you. The lemure closely misses you.
The lemure barely misses you. Pikel barely misses you.
The lemure hits you but does no damage.
There is a stone staircase leading up, spattered with blood here.
Unknown command.
The ogre closely misses you. You furiously retaliate!
You headbutt the ogre. You block the lemure's attack. The lemure hits you.
Pikel completely misses you. The lemure hits you but does no damage.
You climb upwards.
There is a stone staircase leading down here.
You hit the lemure.
The lemure is lightly wounded.
The lemure completely misses you. The ogre hits you with a +0 giant club!
Pikel hits you with a +1 whip of freezing.
Pikel freezes you. The lemure barely misses you.
You hit the lemure.
The lemure is moderately wounded.
You block the lemure's attack.
Pikel hits you with a +1 whip of freezing.
* * * LOW HITPOINT WARNING * * *
Pikel freezes you.
* * * LOW HITPOINT WARNING * * *
The ogre hits you with a +0 giant club!!
You die...

............#####.#.##.#.#
................#.#.##.#.#
.......########.#.#.##.#.#
.......########.#.#.##.#.#
####................##.#.#
# #.......####.#.####.#.#
# #.......# #.#......#.#
####.......####K########.#
...............5@5.......#
####........###O##########
####........# #5#
............# #.#
.####.......# #.#
............# #.#
#.###.......###.#
..............#.# ♣♣♣♣
.....######.#.#.# ♣♣..♣


You could see Pikel, an ogre and 3 lemures.

Vanquished Creatures
  A water moccasin (D:4)
  An ogre (D:4)
  A phantom (D:4)
  A lemure (D:4)
  2 scorpions (D:4)
  A howler monkey (D:4)
  2 iguanas (D:4)
  Natasha (thrice) (D:3)
  A hound skeleton (D:4)
  2 adders
  A worm (D:2)
  2 dart slugs
  5 orcs
  5 ball pythons
  5 endoplasms
  10 giant cockroaches
  7 hobgoblins
  2 jackals (D:2)
  4 quokkas
  5 bats
  2 frilled lizards
  8 goblins
  6 kobolds (D:2)
  7 rats
84 creatures vanquished.

Notes
Turn   | Place    | Note
-------+----------+-------------------------------------------
     0 | D:1      | Stomo the Minotaur Fighter began the quest for the Orb.
     0 | D:1      | Reached XP level 1. HP: 19/19 MP: 0/0
   199 | D:1      | Found a faded altar of an unknown god.
   204 | D:1      | Reached XP level 2. HP: 27/27 MP: 1/1
   229 | D:1      | Reached skill level 1 in Dodging
   768 | D:2      | Reached XP level 3. HP: 33/33 MP: 2/2
   825 | D:2      | Found the +8 woodcutter's axe {vorpal}
  1433 | D:3      | Reached XP level 4. HP: 39/41 MP: 3/3
  1623 | D:3      | Noticed Natasha
  1630 | D:3      | Killed Natasha
  2135 | D:3      | Noticed Natasha
  2145 | D:3      | Killed Natasha
  2146 | D:3      | Reached XP level 5. HP: 25/47 MP: 4/4
  2313 | D:3      | Noticed Natasha
  2319 | D:3      | Killed Natasha
  2478 | D:3      | Found a blossoming altar of Fedhas.
  2631 | D:4      | Noticed a phantom
  2655 | D:4      | Killed a phantom
  2656 | D:4      | Reached skill level 5 in Fighting
  2656 | D:4      | Reached skill level 5 in Armour
  2883 | D:4      | Reached XP level 6. HP: 41/56 MP: 5/5
  3038 | D:4      | Noticed a water moccasin
  3048 | D:4      | Killed a water moccasin
  3208 | D:4      | Found Gyata's Magic Scroll Boutique.
  3269 | D:4      | Reached skill level 5 in Maces & Flails
  3269 | D:4      | Reached XP level 7. HP: 44/62 MP: 6/6
  3968 | D:4      | Noticed Pikel
  4214 | D:3      | Demolished by an ogre

Illustrated notes

Levels and vault maps discovered:
D:1:      amcnicky_arrival_feature_with_door, layout_basic,
          ebering_ecumenical_altar_petrified
D:2:      layout_loops_ring, minmay_misc_feat_more_columns
D:3:      layout_basic, fedhas_altar_4, minmay_misc_feat_plants,
          minmay_misc_feat_roman, uniq_natasha
D:4:      layout_loops_corners, minmay_temple_entry_glass, serial_shops,
          nicolae_shop_crystal, kennysheep_nub, hangedman_feature_mirror,
          uniq_pikel

Skill      XL: |  1  2  3  4  5  6  7 |
---------------+----------------------+-----
Dodging        | 1 2 3 4 |  4.0
Fighting       | 4 5 6 |  6.0
Armour         | 4 5 6 |  6.0
Maces & Flails | 3 4 5 |  5.3
Shields        | |  3.7

Action                   |  1- 3 |  4- 6 |  7- 9 || total
-------------------------+-------+-------+-------++-------
Melee: Flail             |    86 |    95 |    35 ||   216
       Headbutt          |    12 |    13 |     8 ||    33
Armor: Scale mail        |    38 |    28 |     9 ||    75
Dodge: Dodged            |    32 |    43 |    20 ||    95
Block: Buckler           |    20 |    17 |     8 ||    45
